 Dungeon Crawl Stone Soup version 0.20.2-3-g29329e0561 (webtiles) character file.

549 Alfie the Cutter (level 7, -7/60 HPs)
             Began as a Hill Orc Fighter on Nov 8, 2023.
             Killed by divine providence
             ... invoked by an orc priest
              (12 damage)
             ... on level 4 of the Dungeon.
             The game lasted 00:07:40 (3060 turns).

Alfie the Cutter (Hill Orc Fighter)                 Turns: 3060, Time: 00:07:40

Health: -7/60      AC:  8    Str: 21    XL:     7   Next: 28%
Magic:  6/6        EV:  8    Int:  8    God:
Gold:   108        SH: 10    Dex: 12    Spells: 6/6 levels left

rFire    . . .     SeeInvis .   a - +1 rapier
rCold    . . .     Gourm    .   c - +0 shield
rNeg     . . .     Faith    .   b - +1 scale mail
rPois    .         Spirit   .   (no helmet)
rElec    .         Reflect  .   (no cloak)
rCorr    .         Harm     .   (no gloves)
MR       .....     Clarity  +   (no boots)
Stlth    ..........             (no amulet)
Regen    0.2/turn               (no ring)
MPRegen  0.1/turn               (no ring)

@: no status effects
A: hooves 1, agile 1, clarity, low mp 1
a: Convert to Beogh


You were on level 4 of the Dungeon.
You were not hungry.

You visited 1 branch of the dungeon, and saw 4 of its levels.

You collected 108 gold pieces.

Inventory:

Hand Weapons
 a - a +1 rapier (weapon)
Missiles
 p - 5 tomahawks (quivered)
Armour
 b - a +1 scale mail (worn)
 c - a +0 shield (worn)
Scrolls
 d - 2 scrolls of amnesia
 i - 4 scrolls of remove curse
Potions
 e - 3 potions of agility
 j - 3 potions of haste
 k - 2 potions of flight {unknown}
 l - a potion of curing {unknown}
 m - a potion of mutation
 n - 2 potions of berserk rage {unknown}
 o - a potion of invisibility {unknown}
Books
 g - a book of Minor Magic

   Spells                             Type                      Level
   a - Magic Dart                     Conjuration                  1
   b - Blink                          Translocation                2
   c - Call Imp                       Summoning                    2
   d - Slow                           Hexes                        2
   e - Conjure Flame                  Conjuration/Fire             3
   f - Mephitic Cloud                 Conjuration/Poison/Air       3
Comestibles
 f - 3 bread rations
 h - 2 meat rations


   Skills:
 + Level 4.9 Fighting
 + Level 5.4 Short Blades
 + Level 4.7 Armour
 + Level 1.2 Dodging
 + Level 4.6 Shields


You had 6 spell levels left.
You didn't know any spells.

Dungeon Overview and Level Annotations

Branches:
Dungeon (4/15)
 Temple: D:4-7

Altars:
Dithmenos
Hepliaklqana
Vehumet

Annotations:
D:4 Menkaure


Innate Abilities, Weirdness & Mutations

You have large cloven feet.
You are agile. (Dex +2)
You possess an exceptional clarity of mind.
Your magical capacity is low. (-10% MP)


Message History

You feel a surge of unholy energy.
There is a stone staircase leading up here.
You see here 2 tomahawks.
p - 4 tomahawks (gained 2) Menkaure is no longer moving quickly.
You see here a tomahawk.
p - 5 tomahawks (gained 1) Menkaure calls on the powers of darkness!
Your body is wracked with pain!
* * * LOW HITPOINT WARNING * * *
2 orcs come into view.
The orc shouts!
The orc throws a tomahawk.
You block the tomahawk.
You see here a tomahawk.
An orc priest comes into view. It is wielding a whip.
The orc priest shouts!
The orc throws a tomahawk.
The tomahawk barely misses you.
The orc priest calls down the wrath of Beogh upon you.
Beogh smites you!
You die...

#######..>....#####
#..............>..#
#.#####.......###>#
#..†.<......##.#
#.####...##.##.#### #.#
######.#.<... #.# #.#.o##
#.#########.o...#######
#......@..o...........>#
#######(####.###.########
#....M...###.###.##.....#
#.#####.............###..
#.# ##.####.###.#### ###
#.# #.......# #.# #.#
#..###### #.# #.# #..#
#.# #.# #..# #.#


You could see Menkaure, an orc priest and 2 orcs.

Vanquished Creatures
  The ghost of Alfie the Shield-Bearer, an amateur HOFi (D:3)
  An ogre (D:4)
  A howler monkey (D:4)
  2 orc wizards (D:3)
  An orc priest (D:3)
  3 worker ants (D:4)
  2 adders (D:3)
  An ooze (D:3)
  6 worms
  2 dart slugs
  5 leopard geckos
  9 orcs
  6 giant cockroaches
  4 goblins
  7 hobgoblins
  8 jackals
  5 kobolds
  3 quokkas (D:2)
  5 bats
  6 frilled lizards
  9 rats
87 creatures vanquished.

Notes
Turn   | Place    | Note
-------+----------+-------------------------------------------
     0 | D:1      | Alfie the Hill Orc Fighter began the quest for the Orb.
     0 | D:1      | Reached XP level 1. HP: 19/19 MP: 1/1
   105 | D:1      | Reached XP level 2. HP: 23/27 MP: 2/2
   489 | D:1      | Reached XP level 3. HP: 31/33 MP: 3/3
  1140 | D:2      | Reached XP level 4. HP: 33/40 MP: 4/4
  1236 | D:2      | Found a hazy altar of Hepliaklqana.
  1429 | D:3      | Reached skill level 3 in Short Blades
  1572 | D:3      | Noticed Alfie's ghost (amateur HOFi)
  1584 | D:3      | Killed Alfie's ghost
  1584 | D:3      | Reached skill level 4 in Short Blades
  1584 | D:3      | Reached skill level 1 in Dodging
  1584 | D:3      | Reached XP level 5. HP: 33/47 MP: 5/5
  1584 | D:3      | Reached XP level 6. HP: 37/53 MP: 6/6
  1589 | D:3      | Found a radiant altar of Vehumet.
  1705 | D:3      | Found a shadowy altar of Dithmenos.
  2506 | D:4      | Reached skill level 5 in Short Blades
  2511 | D:4      | Reached XP level 7. HP: 14/60 MP: 7/7
  3011 | D:4      | Noticed Menkaure
  3016 | D:4      | Gained mutation: You have large cloven feet. [potion of mutation]
  3016 | D:4      | Gained mutation: Your magical capacity is low. (-10% MP) [potion of mutation]
  3016 | D:4      | Gained mutation: You possess an exceptional clarity of mind. [potion of mutation]
  3016 | D:4      | Gained mutation: You are agile. (Dex +2) [potion of mutation]
  3042 | D:4      | HP: 2/60 [Menkaure/nerve-wracking pain (7)]
  3060 | D:4      | Killed from afar by an orc priest

Skill      XL: |  1  2  3  4  5  6 |
---------------+-------------------+-----
Shields        | 4 |  4.6
Fighting       | 4 |  4.9
Short Blades   | 4 5 |  5.4
Armour         | 4 |  4.7
Dodging        | 1 |  1.2

Action                   |  1- 3 |  4- 6 |  7- 9 || total
-------------------------+-------+-------+-------++-------
Melee: Rapier            |   154 |   141 |    42 ||   337
Throw: Tomahawk          |       |       |    10 ||    10
  Use: Scroll            |     3 |     4 |     2 ||     9
       Potion            |       |     1 |     1 ||     2
  Eat: Fruit             |     1 |     1 |     1 ||     3
       Bread ration      |       |     1 |       ||     1
Armor: Ring mail         |    35 |       |       ||    35
       Scale mail        |    25 |    46 |    13 ||    84
Dodge: Dodged            |    55 |    26 |    13 ||    94
Block: Shield            |    83 |    58 |    23 ||   164
